 Dungeon Crawl Stone Soup version 0.16.0-11-gd45b091 (webtiles) character file.

54 timbw the Caller (level 3, -2/14 HPs)
             Began as a Felid Summoner on Mar 17, 2015.
             Slain by a water moccasin (5 damage)
             ... on level 5 of the Dungeon.
             The game lasted 00:04:21 (817 turns).

timbw the Caller (Felid Summoner)                    Turns: 817, Time: 00:04:22

Health: -2/14      AC:  1    Str:  4    XL:     3   Next: 66%
Magic:  2/8        EV: 18    Int: 17    God:
Gold:   72         SH:  0    Dex: 16    Spells: 3 memorised, 0 levels left
                                        Lives:  0   Deaths: 0

rFire  . . .     SeeInvis +     (weapon unavailable)
rCold  . . .     Clarity  .     (armour unavailable)
rNeg   + . .     SustAb   .     (shield unavailable)
rPois  .         Gourm    .     (helmet unavailable)
rElec  .         Spirit   .     (cloak unavailable)
rCorr  .         Warding  .     (gloves unavailable)
rMut   .         Stasis   .     (boots unavailable)
MR     .....                    (no amulet)
Stlth  +++.......               (no ring)
                                a - ring of positive energy

@: quick, not resistant to hostile enchantments, fairly stealthy
A: paw claws, no armour, no weapons or thrown items, fangs 3, see invisible,
carnivore 3, speed 1, shaggy fur 1, slow metabolism 1, sharp paws
a: no special abilities


You were on level 5 of the Dungeon.
You were full.

You visited 1 branch of the dungeon, and saw 5 of its levels.

You collected 72 gold pieces.

Inventory:

Jewellery
 a - a ring of positive energy (left paw)
 g - an uncursed ring of positive energy
Scrolls
 f - a scroll of amnesia
Potions
 h - a potion of restore abilities
Books
 b - a book of Callings

   Spells                             Type                      Level
   a - Summon Small Mammal            Summoning                    1
   b - Call Imp                       Summoning                    2
   c - Call Canine Familiar           Summoning                    3
   d - Summon Guardian Golem          Hexes/Summoning              4
   e - Summon Lightning Spire         Summoning/Air                4
   f - Summon Ice Beast               Ice/Summoning                4
Comestibles
 c - 2 meat rations
 j - a beef jerky


   Skills:
 - Level 2.6 Dodging
 - Level 2.6 Stealth
 - Level 2.0 Spellcasting
 + Level 5.4 Summonings


You couldn't memorise any spells.
You knew the following spells:

 Your Spells              Type           Power        Failure   Level  Hunger
a - Summon Small Mammal   Summ           ###.         2%          1    #......
b - Call Imp              Summ           ###.....     3%          2    ###....
c - Call Canine Familiar  Summ           ###.....     10%         3    ###....


Dungeon Overview and Level Annotations

Branches:
Dungeon (5/15)
 Temple: D:4-7

Altars:
Makhleb

Shops:
D:4 :

Annotations:
D:4 Eustachio
D:5 Ijyb


Innate Abilities, Weirdness & Mutations

You cannot wear armour.
You are incapable of wielding weapons or throwing items.
You have razor-sharp teeth.
You have supernaturally acute eyesight.
You are carnivorous and can eat meat at any time.
You cover ground quickly.
You are covered in fur (AC +1).
You have a slow metabolism.
Your paws have sharp claws that are effective at stabbing.


Message History

The goblin hits you with a dagger.
* * * LOW HITPOINT WARNING * * *
Ijyb zaps a wand.
The orc hits your white imp but does no damage.
The water moccasin barely misses you. The orc misses you.
The goblin completely misses you.
Ijyb screams, "No!
No, no, no, no!"
Your white imp is no longer paralysed.
Ijyb zaps a wand.
You resist with some effort.
Ijyb zaps a wand.
You resist with some effort. The bat hits you but does no damage.
The bat barely misses you. The bat misses you.
You see here 16 arrows.
Your white imp barely misses the water moccasin.
Casting: Summon Small Mammal
Confirm with . or Enter, or press ? or * to list all spells.
The water moccasin bites you.
You die...

..# #.. #.# . # #.#
####.# ###.###[#
#.....
.?......####.##.#
............#.##.##.##
#....h.........
#.##.#@##.##.#
#Y##.#S##.##.#
#.##.#.(.....####.
#.##.####5........
#..<..g5.b.#####..
#>.....###.#
#.....og..g#
..........#####
..####.....#


You could see a water moccasin and a friendly hound.

Vanquished Creatures
  An adder (D:4)
  A giant mite (D:2)
  2 giant geckos
  A hobgoblin (D:2)
  A rat (D:3)
6 creatures vanquished.

Vanquished Creatures (collateral kills)
  A worker ant (D:4)
  3 adders
  An adder skeleton (D:4)
  A bat (D:2)
  A hobgoblin (D:2)
  A ball python (D:2)
  2 kobolds (D:2)
  A rat (D:2)
11 creatures vanquished.

Vanquished Creatures (others)
  A crimson imp (D:4)
  2 hounds
  A bat (D:5)
  3 quokkas (D:2)
7 creatures vanquished.

Grand Total: 24 creatures vanquished

Notes
Turn   | Place    | Note
--------------------------------------------------------------
     0 | D:1      | timbw, the Felid Summoner, began the quest for the Orb.
     0 | D:1      | Reached XP level 1. HP: 7/7 MP: 4/4
    49 | D:2      | Found a burning altar of Makhleb.
   116 | D:2      | Reached XP level 2. HP: 9/11 MP: 1/5
   120 | D:2      | Learned a level 2 spell: Call Imp
   338 | D:4      | Found Chaefeck's Book Shoppe.
   340 | D:4      | Noticed Eustachio
   367 | D:4      | Reached skill level 5 in Summonings
   367 | D:4      | Reached XP level 3. HP: 14/14 MP: 1/8
   372 | D:4      | Learned a level 3 spell: Call Canine Familiar
   427 | D:5      | Entered Level 5 of the Dungeon
   767 | D:5      | Noticed an ice beast
   794 | D:5      | Noticed Ijyb
   800 | D:5      | Noticed a water moccasin
   817 | D:5      | Slain by a water moccasin

Action                   || total
-------------------------++-------
Melee: Unarmed           ||    19
 Cast: Summon Small Mamm ||    12
       Call Imp          ||     9
       Call Canine Famil ||     4
  Use: Scroll            ||     3
 Stab: Sleeping          ||     2
  Eat: Chunk             ||     5
